 Dungeon Crawl Stone Soup version 0.25.1-2-g60ff931df9 (webtiles) character file.

Game seed: 445685006293758619

171560 Delamore the Peltast (level 18, -9/119 HPs)
             Began as a Gargoyle Fighter on Aug 2, 2020.
             Was the Champion of Okawaru.
             Killed from afar by a thorn hunter (34 damage)
             ... with a volley of thorns
             ... on level 4 of the Swamp.
             The game lasted 00:50:10 (36587 turns).

Delamore the Peltast (Gargoyle Fighter)            Turns: 36587, Time: 00:50:11

Health: -9/119     AC: 39    Str: 24    XL:     18   Next: 1%
Magic:  33/33      EV:  6    Int:  7    God:    Okawaru [******]
Gold:   2806       SH: 21    Dex: 13    Spells: 34/39 levels left

rFire    + + +     SeeInvis +   R - +1 morningstar of the Witching Shark {pain, rF++ rC+ Int-3}
rCold    + . .     Gourm    .   x - +0 kite shield {reflect}
rNeg     + . .     Faith    .   E - +5 plate armour of Honour {rF+}
rPois    ∞         Spirit   .   n - +2 helmet of Xucudu {rPois Dex+3 SInv}
rElec    +         Reflect  +   W - +1 cloak
rCorr    .         Harm     .   B - +3 pair of gauntlets of War {Slay+5}
MR       +++..                  q - +1 pair of boots {Fly}
Stlth    ..........             t - amulet of reflection
HPRegen  0.29/turn              l - ring of protection from magic
MPRegen  0.23/turn              k - ring of protection from magic

@: flying, studying Fighting
A: big wings, claws 1, yellow scales 1, blink, deformed body, dopey 1, negative
energy resistance 1, shaggy fur 1, electricity resistance, unbreathing,
petrification resistance, rot immunity, AC +13
a: Stop Flying, Blink, Heroism, Finesse, Renounce Religion


You were on level 4 of the Swamp.
You worshipped Okawaru.
Okawaru was exalted by your worship.
You were not hungry.

You visited 5 branches of the dungeon, and saw 28 of its levels.
You also visited: Sewer, Bailey, Gauntlet and Volcano.

You collected 4430 gold pieces.
You spent 1624 gold pieces at shops.

Inventory:

Hand Weapons
 R - the +1 morningstar of the Witching Shark (weapon) {pain, rF++ rC+ Int-3}
   (You took it off a minotaur in a Gauntlet)

   In the hands of one skilled in necromantic magic, it inflicts extra damage on
   living creatures.
   It affects your intelligence (-3).
   It greatly protects you from fire.
   It protects you from cold.
Missiles
 b - 13 curare-tipped darts
 i - 46 javelins (quivered)
 r - 7 atropa-tipped darts
 G - 6 silver javelins
 N - a throwing net
Armour
 j - the +1 pair of boots "Peki" {-Tele rElec Int+4 Dex+8}
   (Okawaru gifted it to you on level 3 of the Swamp)

   It affects your intelligence (+4).
   It affects your dexterity (+8).
   It insulates you from electricity.
   It prevents most forms of teleportation.
 n - the +2 helmet of Xucudu (worn) {rPois Dex+3 SInv}
   (You found it in a Gauntlet)

   It affects your dexterity (+3).
   It protects you from poison.
   It lets you see invisible.
 q - a +1 pair of boots of flying (worn)
 x - a +0 kite shield of reflection (worn)
 B - the +3 pair of gauntlets of War (worn) {Slay+5}
   (You acquired it on level 11 of the Dungeon)

   It affects your accuracy and damage with ranged weapons and melee attacks
   (+5).
 E - the +5 plate armour of Honour (worn) {rF+}
   (You found it on level 5 of the Dungeon)

   It protects you from fire.
 F - a +2 kite shield of fire resistance
 I - a +1 tower shield of fire resistance
 W - a +1 cloak (worn)
Jewellery
 k - a ring of protection from magic (right hand)
 l - a ring of protection from magic (left hand)
 t - an amulet of reflection (around neck)
Wands
 o - a wand of digging (6)
 v - a wand of acid (14)
 D - a wand of flame (25)
 M - a wand of disintegration (25)
 Q - a wand of iceblast (12)
 T - a wand of clouds (13)
Scrolls
 a - 3 scrolls of enchant armour
 e - 14 scrolls of remove curse
 g - 3 scrolls of blinking
 m - 12 scrolls of teleportation
 p - a scroll of holy word
 u - 3 scrolls of magic mapping
 w - 5 scrolls of fear
 y - 7 scrolls of fog
 K - 9 scrolls of identify
 L - 6 scrolls of enchant weapon
 O - a scroll of silence
 P - 3 scrolls of summoning
 V - a scroll of immolation
Potions
 d - 9 potions of might
 h - 4 potions of mutation
 s - 5 potions of brilliance
 z - 5 potions of haste
 A - 7 potions of curing
 J - 3 potions of magic
 S - 3 potions of heal wounds
 Y - a potion of berserk rage
Books
 c - a manual of Fighting
Miscellaneous
 U - a phantom mirror
Comestibles
 f - 37 rations
 C - 7 chunks of flesh


   Skills:
 - Level 15.4 Fighting
 - Level 16.0 Maces & Flails
 - Level 3.2 Armour
 + Level 19.0 Shields
 + Level 11.2 Spellcasting
 + Level 7.0 Translocations
 - Level 5.5 Invocations


You had 34 spell levels left.
You knew the following spells:

 Your Spells              Type           Power        Failure   Level  Hunger
a - Blink                 Tloc           N/A          22%         2    ##.....
b - Lesser Beckoning      Tloc           ##........   41%         3    ###....

Your spell library contained the following spells:

 Spells                   Type           Power        Failure   Level  Hunger
 Apportation              Tloc           ##....       16%         1    None
 Gell's Gravitas          Tloc           ##........   41%         3    ###....
 Teleport Other           Tloc           ##......     41%         3    ###....
 Shroud of Golubria       Chrm/Tloc      #.....       67%         2    ##.....
 Passage of Golubria      Tloc           N/A          83%         4    ####...
 Infusion                 Chrm           #...         95%         1    None
 Magic Dart               Conj           #...         95%         1    None
 Sandblast                Erth           #.....       95%         1    None
 Summon Butterflies       Summ           #.......     95%         1    None
 Corpse Rot               Necr/Air       N/A          99%         2    ##.....
 Passwall                 Tmut/Erth      #.......     99%         2    ##.....
 Searing Ray              Conj           #.....       99%         2    ##.....
 Song of Slaying          Chrm           #.......     99%         2    ##.....
 Iskenderun's Mystic Bla  Conj/Tloc      #.......     99%         4    ####...
 Dazzling Flash           Conj/Hex       #.....       100%        3    ###....
 Ozocubu's Armour         Chrm/Ice       #.......     100%        3    ###....
 Spectral Weapon          Hex/Chrm       #.......     100%        3    ###....
 Static Discharge         Conj/Air       #.......     100%        3    ###....
 Stone Arrow              Conj/Erth      #.....       100%        3    ###....
 Tukima's Dance           Hex            #.......     100%        3    ###....
 Dispel Undead            Necr           #.......     100%        4    ####...
 Fulminant Prism          Conj/Hex       #.........   100%        4    ####...
 Ice Form                 Ice/Tmut       #.......     100%        4    ####...
 Petrify                  Tmut/Erth      #.......     100%        4    ####...
 Agony                    Necr           #.......     100%        5    ######.
 Alistair's Intoxication  Tmut/Pois      #.......     100%        5    ######.
 Excruciating Wounds      Chrm/Necr      #.........   100%        5    ######.
 Irradiate                Conj/Tmut      #.........   100%        5    ######.
 Lee's Rapid Deconstruct  Erth           #.........   100%        5    ######.
 Lightning Bolt           Conj/Air       #.........   100%        5    ######.
 Metabolic Englaciation   Hex/Ice        #.........   100%        5    ######.
 Freezing Cloud           Conj/Ice/Air   #.........   100%        6    #######
 Hydra Form               Tmut           #.........   100%        6    #######
 Invisibility             Hex            #.......     100%        6    #######
 Ozocubu's Refrigeration  Ice            #.........   100%        6    #######
 Simulacrum               Ice/Necr       #.........   100%        6    #######
 Dragon Form              Tmut           #.........   100%        7    #######
 Ignition                 Fire           #.........   100%        8    #######
 Shatter                  Erth           #.........   100%        9    #######
 Tornado                  Air            #.........   100%        9    #######
 Sublimation of Blood     Necr           Unusable     N/A         2    N/A
 Statue Form              Tmut/Erth      Unusable     N/A         6    N/A

Dungeon Overview and Level Annotations

Branches:
Dungeon (15/15)            Temple (1/1) D:7            Lair (6/6) D:9
  Swamp (4/4) Lair:4       Spider (0/4) Lair:4        Slime (0/5) Lair:6
    Orc (2/2) D:9             Elf (0/3) Orc:2        Vaults (0/5) D:13
 Depths (0/5) D:15          Sewer (visited)          Bailey (visited)
Volcano (visited)         Gauntlet (visited)

Altars:
Ashenzari
Cheibriados
Dithmenos
Elyvilon
Fedhas
Gozag
Hepliaklqana
Kikubaaqudgha
Makhleb
Nemelex Xobeh
Okawaru
Qazlal
Ru
Sif Muna
Trog
Uskayaw
Vehumet
Wu Jian
Xom
Yredelemnul
Zin
The Shining One
Beogh
Jiyva

Shops:
D:4 *   D:6 [   D:8 (   D:11 ?   D:12 :*   Orc:1 *   Orc:2 [?(!

Annotations:
Swamp:4 exclusion: oklob plant


Innate Abilities, Weirdness & Mutations

You are resistant to torment.
Your stone body is resilient. (AC +13)
You are immune to poison.
Your large and strong wings let you fly indefinitely.
You resist negative energy. (rN+)
You are resistant to electric shocks. (rElec)
You can survive without breathing.
You are immune to petrification.
You are immune to rotting.
You have sharp fingernails.
You are partially covered in yellow scales. (AC +2)
You can translocate small distances at will.
Armour fits poorly on your strangely shaped body.
You are dopey. (Int -2)
You are covered in fur. (AC +1)


Message History

Drop what? 49/52 slots (_ for help) (? for menu, Esc to quit)
Okay, then.
The thorn hunter fires a volley of thorns at you.
The volley of thorns hits you!!
Thorny briars emerge from the ground!
You thump the briar patch!
The briar patch is heavily damaged.
You puncture the briar patch!
You destroy the briar patch!
The thorn hunter fires a volley of thorns at you.
The volley of thorns hits you!!
* * * LOW HITPOINT WARNING * * *
The thorn hunter fires a volley of thorns at you.
Your +0 kite shield of reflection reflects the volley of thorns!
The volley of thorns hits the thorn hunter!!
You sock the briar patch!
You destroy the briar patch!
The thorn hunter fires a volley of thorns at you.
The volley of thorns hits you!!
You die...

..8 .♣.... #.♣♣♣♣ ##..
).... #..≈♣ ♣...##
...≈♣≈ ##≈.♣♣ #...≈#
♣≈... ##≈≈.♣ ♣ #.##♣##
♣..♣ ##.≈≈.♣♣.
#..♣#.#♣♣♣.≈♣
##≈.≈≈≈≈..
#≈.≈.♣§.PPf≈♣
##≈.≈≈≈≈≈≈.
♣}♣...≈♣PPP♣♣
#.≈♣≈≈≈≈≈.≈
###..♣..@≈##
#♣≈♣♣..§....
##.≈♣.≈♣###♣≈.♣♣....≈♣≈
♣#≈≈..♣ #....♣♣≈♣≈≈♣♣.
♣.
♣#§.♣###≈.≈≈≈≈♣♣♣♣♣♣§
♣≈.##...#♣#....≈≈.♣♣ ♣♣
♣.≈≈./..≈≈≈....≈≈≈≈♣ ♣
♣.≈≈≈≈.(≈.≈..≈≈≈≈≈≈♣ ♣
♣♣.≈♣♣.≈..≈♣.≈≈≈≈≈.♣♣ ♣
♣♣♣ ♣♣≈≈...[≈≈≈...$♣


You could see a thorn hunter.

Vanquished Creatures
  Saint Roka (Orc:1)
  Jorgrun (Swamp:1)
  Rupert (Lair:4)
  Kirke (Lair:6)
  3 thorn hunters
  Donald (Orc:1)
  A fire giant (D:13)
  An orc warlord (Bailey)
  2 vampire knights
  A red draconian (Volcano)
  2 minotaurs
  An ettin (Orc:1)
  Snorg (D:10)
  A blizzard demon (Gauntlet)
  A fire dragon (D:13)
  17 hydras
  A rakshasa (D:14)
  The ghost of Tali the Cleaver, a journeyman DsBe of Trog (D:11)
  2 ice dragons (D:15)
  3 catoblepae (Lair:6)
  Fannar (Orc:1)
  Harold (D:9)
  A vault guard (D:13)
  A ghost crab (Swamp:4)
  8 two-headed ogres
  A death knight (D:13)
  Erica (D:9)
  3 centaur warriors
  An ogre mage (D:15)
  2 death scarabs (Gauntlet)
  19 alligators
  3 shambling mangroves
  10 death yaks
  A tengu warrior (D:14)
  Urug (D:10)
  Nergalle (D:11)
  The ghost of Samet the Cleaver, a novice DDGl of Makhleb (Lair:1)
  6 orc high priests
  Sonja (Orc:2)
  An unseen horror (D:14)
  2 spriggan druids
  8 swamp dragons
  A wizard (D:13)
  2 necromancers (D:13)
  2 phantasmal warriors
  4 spectral hydras
  Pikel (D:5)
  A mana viper (shapeshifter) (D:15)
  3 orc knights
  13 ugly things
  A wolf spider (Lair:6)
  A shining eye (Gauntlet)
  4 cyclopes
  4 manticores
  5 elephants (Lair:5)
  Maurice (D:9)
  2 black mambas
  20 spiny frogs
  A rime drake (shapeshifter) (D:13)
  A gargoyle (D:14)
  2 yaktaurs (D:13)
  A demonic crawler (Lair:4)
  An efreet (D:13)
  5 rime drakes
  7 komodo dragons
  2 hydra zombies (Swamp:4)
  A harpy zombie (D:15)
  3 trolls
  A polar bear (shapeshifter) (D:13)
  A meliai (shapeshifter) (D:13)
  A queen bee (D:11)
  A tengu conjurer (D:14)
  9 hornets
  3 death drake skeletons (Swamp:4)
  A queen bee (shapeshifter) (D:14)
  4 hydra skeletons (Swamp:4)
  3 polar bears
  10 hippogriffs
  5 blink frogs
  12 tyrant leeches
  5 bog bodies
  23 slime creatures
  A redback (D:13)
  A centaur simulacrum (D:15)
  A shadow (D:13)
  36 yaks
  4 wraiths
  9 wyverns
  5 spriggans (Swamp:3)
  A vampire (D:12)
  17 vampire mosquitoes
  4 hogs
  21 humans
  2 basilisks
  5 fire bats (Volcano)
  Grum (D:8)
  2 hungry ghosts
  4 insubstantial wisps (Swamp:2)
  4 wargs
  15 swamp worms
  An acid dragon (D:11)
  2 hydra simulacra (Swamp:4)
  A soldier ant (shapeshifter) (D:15)
  A floating eye (Gauntlet)
  4 porcupines
  2 swamp dragon zombies (Swamp:4)
  14 water moccasins
  5 sky beasts
  3 slaves (D:5)
  34 orc warriors
  3 spectral torpor snails (Gauntlet)
  8 swamp drakes
  2 ice beasts
  3 black bears (D:9)
  An eye of draining (D:11)
  3 phantoms
  A necrophage (D:14)
  13 ogres
  An eye of draining (shapeshifter) (D:13)
  14 wolves
  14 crocodiles
  15 centaurs
  A swamp dragon skeleton (Swamp:4)
  3 big kobolds
  17 bullfrogs
  A wyvern zombie (D:13)
  2 wyvern skeletons
  7 scorpions
  16 killer bees
  17 wights
  An electric eel (Lair:5)
  7 crimson imps
  A howler monkey (D:8)
  A bullfrog zombie (D:11)
  7 lava snakes (Volcano)
  A quasit (D:8)
  5 centaur zombies
  4 hounds
  4 jellies
  3 bullfrog skeletons
  32 orc priests
  4 centaur skeletons
  6 iguanas
  Natasha (D:3)
  16 orc wizards
  13 worker ants
  2 hound skeletons (D:6)
  A worker ant zombie (D:5)
  15 gnolls
  15 adders
  A howler monkey skeleton (D:5)
  7 river rats
  3 shadow imps
  A white imp (Gauntlet)
  4 oozes
  An adder skeleton (D:9)
  2 dart slugs
  5 worms
  3 leopard geckos
  88 orcs
  14 ball pythons
  6 bats
  6 giant cockroaches
  20 goblins
  15 hobgoblins
  20 jackals
  17 kobolds
  2 quokkas
  2 frilled lizards
  A jackal skeleton (D:6)
  A leopard gecko zombie (D:5)
  A quokka skeleton (D:7)
  A quokka zombie (D:8)
  39 rats
  A spectral orc (D:9)
  6 briar patches
1033 creatures vanquished.

Vanquished Creatures (others)
  A fire giant (D:13)
  A swamp drake (Swamp:4)
  11 fungi
  30 plants
43 creatures vanquished.

Grand Total: 1076 creatures vanquished

Notes
Turn   | Place    | Note
-------+----------+-------------------------------------------
     0 | D:1      | Delamore the Gargoyle Fighter began the quest for the Orb.
     0 | D:1      | Reached XP level 1. HP: 14/14 MP: 1/1
    84 | D:1      | Reached XP level 2. HP: 9/19 MP: 2/2
   494 | D:1      | Reached XP level 3. HP: 19/23 MP: 3/3
  1148 | D:2      | Reached XP level 4. HP: 26/28 MP: 4/4
  1526 | D:2      | Found a white marble altar of Elyvilon.
  1810 | D:3      | Noticed a centaur
  1823 | D:3      | Killed a centaur
  1823 | D:3      | Reached skill level 5 in Maces & Flails
  1823 | D:3      | Reached XP level 5. HP: 19/32 MP: 5/5
  2040 | D:3      | Noticed a phantom
  2065 | D:3      | Killed a phantom
  2065 | D:3      | Reached XP level 6. HP: 26/37 MP: 6/6
  2920 | D:3      | Noticed Natasha
  2940 | D:3      | Killed Natasha
  3179 | D:4      | Found a glowing drain.
  3221 | D:4      | Reached XP level 7. HP: 14/41 MP: 7/7
  3345 | Sewer    | Entered a sewer
  4311 | D:4      | Found Lanwy's General Store.
  4582 | D:4      | Found a blossoming altar of Fedhas.
  4780 | D:5      | Entered Level 5 of the Dungeon
  4899 | D:5      | Reached XP level 8. HP: 46/46 MP: 8/8
  5178 | D:5      | Got a warped plate armour
  5189 | D:5      | Identified the +5 plate armour of Honour {rF+} (You found
                  | it on level 5 of the Dungeon)
  5200 | D:5      | Found a stormy altar of Qazlal.
  5261 | D:5      | Noticed Pikel
  5306 | D:5      | Killed Pikel
  5306 | D:5      | Reached skill level 10 in Maces & Flails
  5744 | D:6      | Reached XP level 9. HP: 51/51 MP: 9/9
  5799 | D:6      | Found Zeohuq's Armour Emporium.
  6333 | D:6      | Found an ornate altar of the Wu Jian Council.
  6603 | D:6      | Found a shattered altar of Ashenzari.
  6671 | D:6      | Found a shimmering blue altar of Sif Muna.
  7337 | D:7      | Found a shadowy altar of Dithmenos.
  7425 | D:7      | Found a staircase to the Ecumenical Temple.
  7475 | Temple   | Entered the Ecumenical Temple
  7550 | Temple   | Became a worshipper of Warmaster Okawaru
  7640 | D:7      | Reached XP level 10. HP: 51/56 MP: 10/10
  7961 | D:8      | Noticed a two-headed ogre
  7978 | D:8      | Killed a two-headed ogre
  7978 | D:8      | Reached * piety under Okawaru
  8252 | D:8      | Reached skill level 1 in Invocations
  8371 | D:8      | Found Niceomy's Antique Weapon Boutique.
  8514 | D:8      | Reached skill level 4 in Shields
  8573 | D:8      | Noticed Grum
  8887 | D:7      | Reached ** piety under Okawaru
  9153 | D:8      | Reached skill level 5 in Shields
  9372 | D:8      | Killed Grum
  9527 | D:8      | Noticed a brown ugly thing
  9543 | D:8      | Killed a brown ugly thing
  9844 | D:9      | Found a snail-covered altar of Cheibriados.
 10072 | D:9      | Found a burning altar of Makhleb.
 10105 | D:9      | Reached skill level 6 in Shields
 10153 | D:9      | Reached *** piety under Okawaru
 10153 | D:9      | Reached skill level 5 in Invocations
 10280 | D:9      | Found a basalt altar of Yredelemnul.
 10304 | D:9      | Found a staircase to the Lair.
 10323 | D:9      | Reached skill level 7 in Shields
 10323 | D:9      | Reached XP level 11. HP: 56/60 MP: 15/15
 10407 | D:9      | Found a staircase to the Orcish Mines.
 10432 | D:9      | Noticed Harold
 10449 | D:9      | Killed Harold
 10449 | D:9      | Reached skill level 8 in Shields
 10508 | D:9      | Reached **** piety under Okawaru
 10646 | D:9      | Found a sparkling altar of Nemelex Xobeh.
 10648 | D:9      | Found a bloodstained altar of Trog.
 10648 | D:9      | Found a hazy altar of Hepliaklqana.
 10782 | D:9      | Reached skill level 9 in Shields
 10805 | D:9      | Received a gift from Okawaru
 11079 | D:9      | Noticed Maurice
 11303 | D:9      | Noticed Erica
 11327 | D:9      | Killed Erica
 11369 | D:9      | Killed Maurice
 11369 | D:9      | Reached ***** piety under Okawaru
 11369 | D:9      | Reached skill level 10 in Shields
 11474 | D:10     | Entered Level 10 of the Dungeon
 11479 | D:10     | Noticed a two-headed ogre
 11490 | D:10     | Killed a two-headed ogre
 11515 | Lair:1   | Entered Level 1 of the Lair of Beasts
 11538 | Lair:1   | Received a gift from Okawaru
 11574 | D:9      | Reached skill level 11 in Shields
 11946 | Lair:1   | Received a gift from Okawaru
 11955 | Lair:1   | Got a pair of glimmering gloves {god gift}
 11967 | Lair:1   | Identified the +1 pair of gloves of the Lich-sworn {rC-
                  | Regen+ Str+6} (Okawaru gifted it to you on level 1 of the
                  | Lair of Beasts)
 12320 | Lair:1   | Reached skill level 12 in Shields
 12365 | Lair:1   | Noticed Samet's ghost (novice DDGl)
 12366 | Lair:1   | Noticed a minotaur
 12368 | Lair:1   | Noticed a six-headed hydra
 12432 | Lair:1   | Reached XP level 12. HP: 58/64 MP: 16/16
 12490 | Lair:1   | Found a runed translucent gate.
 12490 | Lair:1   | Found a runed translucent gate.
 12490 | Lair:1   | Found a runed translucent gate.
 12554 | Lair:1   | Killed a six-headed hydra
 12554 | Lair:1   | Reached skill level 13 in Shields
 12611 | Lair:1   | Killed Samet's ghost
 12660 | Lair:1   | Killed a minotaur
 12995 | D:4      | Bought a scroll of acquirement for 624 gold pieces
 12995 | D:4      | Acquired a +2 helmet of see invisible
 13309 | Lair:2   | Found a gate leading to a gauntlet.
 13318 | Gauntlet | Entered a Gauntlet
 13318 | Gauntlet | Found a transporter.
 13318 | Gauntlet | Found a transporter.
 13320 | Gauntlet | Found a transporter.
 13323 | Gauntlet | Found a transporter.
 13323 | Gauntlet | Found a transporter.
 13324 | Gauntlet | Found a transporter.
 13329 | Gauntlet | Noticed a great orb of eyes
 13340 | Gauntlet | Found a transporter.
 13344 | Gauntlet | Found a transporter.
 13350 | Gauntlet | Noticed a death scarab
 13351 | Gauntlet | Noticed a death scarab
 13359 | Gauntlet | Noticed a blizzard demon
 13362 | Gauntlet | Found a transporter.
 13378 | Gauntlet | Found a transporter.
 13392 | Gauntlet | Found a transporter.
 13403 | Gauntlet | Found a transporter.
 13451 | Gauntlet | Reached skill level 14 in Shields
 13454 | Gauntlet | Gained mutation: You are occasionally teleported next to
                  | monsters. [a shining eye]
 13467 | Gauntlet | Got a shimmering helmet
 13478 | Gauntlet | Identified the +2 helmet of Xucudu {rPois Dex+3 SInv} (You
                  | found it in a Gauntlet)
 13504 | Gauntlet | Killed a death scarab
 13556 | Gauntlet | Killed a death scarab
 13592 | Gauntlet | Learned a level 2 spell: Blink
 13596 | Gauntlet | Learned a level 3 spell: Lesser Beckoning
 13597 | Gauntlet | Got a wavering wooden ring
 13599 | Gauntlet | Identified the cursed ring "Rakhlavul" {rElec rN+ Str-4}
                  | (You found it in a Gauntlet)
 13655 | Gauntlet | Killed a blizzard demon
 13905 | Gauntlet | Got a translucent silver ring
 13913 | Gauntlet | Identified the ring "Kaommul" {rElec rCorr Dex+4} (You
                  | found it in a Gauntlet)
 13934 | Gauntlet | Identified the cursed +1 morningstar of the Witching Shark
                  | {pain, rF++ rC+ Int-3}
 13934 | Gauntlet | Identified the amulet "Obisigh" {RegenMP Int+2 Dex+2}
 13934 | Gauntlet | Noticed a minotaur
 13975 | Gauntlet | Killed a minotaur
 13975 | Gauntlet | Reached skill level 15 in Shields
 14718 | Lair:3   | Found a dark tunnel.
 14723 | Volcano  | Entered a volcano
 14945 | Volcano  | Noticed a red draconian
 14962 | Volcano  | Noticed a centaur warrior
 14968 | Volcano  | Killed a red draconian
 14968 | Volcano  | Reached skill level 5 in Fighting
 14968 | Volcano  | Reached XP level 13. HP: 59/72 MP: 17/17
 14978 | Volcano  | Reached ****** piety under Okawaru
 15010 | Volcano  | Found a radiant altar of Vehumet.
 15033 | Volcano  | Found a radiant altar of Vehumet.
 15255 | Lair:3   | Received a gift from Okawaru
 15831 | Lair:4   | Found a staircase to the Swamp.
 15855 | Lair:4   | Noticed Rupert
 15890 | Lair:4   | Killed Rupert
 16130 | Lair:4   | Reached skill level 15 in Maces & Flails
 16270 | Lair:4   | Found a hole to the Spider Nest.
 17191 | Lair:5   | Lost mutation: You are occasionally teleported next to
                  | monsters. [potion of mutation]
 17191 | Lair:5   | Gained mutation: You can translocate small distances at
                  | will. [potion of mutation]
 17191 | Lair:5   | Gained mutation: You have sharp fingernails. [potion of
                  | mutation]
 17191 | Lair:5   | Gained mutation: You are partially covered in yellow
                  | scales. (AC +2) [potion of mutation]
 17191 | Lair:5   | Gained mutation: You are covered in fur. (AC +1) [potion of
                  | mutation]
 17252 | Lair:5   | Received a gift from Okawaru
 17913 | Lair:6   | Entered Level 6 of the Lair of Beasts
 18109 | Lair:6   | Gained mutation: Your large and strong wings let you fly
                  | indefinitely. [Gargoyle growth]
 18109 | Lair:6   | Reached XP level 14. HP: 76/87 MP: 18/18
 18156 | Lair:6   | Found a viscous altar of Jiyva.
 18189 | Lair:6   | Reached skill level 10 in Fighting
 18405 | Lair:6   | Found a basalt altar of Yredelemnul.
 18501 | Lair:6   | Noticed Kirke
 18528 | Lair:6   | Noticed a sphinx
 18529 | Lair:6   | Killed Kirke
 18709 | Lair:6   | Found a staircase to the Slime Pits.
 18882 | Lair:6   | Received a gift from Okawaru
 19534 | Orc:1    | Entered Level 1 of the Orcish Mines
 19852 | Orc:2    | Entered Level 2 of the Orcish Mines
 20031 | Orc:2    | Noticed Saint Roka
 20031 | Orc:2    | Noticed Donald
 20068 | Orc:1    | Received a gift from Okawaru
 20088 | Orc:1    | Killed Donald
 20348 | Orc:1    | Gained mutation: You are dopey. (Int -2) [a neqoxec]
 20640 | Orc:1    | Killed Saint Roka
 20640 | Orc:1    | Reached XP level 15. HP: 27/101 MP: 11/19
 20991 | Orc:2    | Reached skill level 15 in Fighting
 20995 | Orc:2    | Noticed Sonja
 21192 | Orc:2    | Killed Sonja
 21529 | Orc:2    | Gained mutation: Armour fits poorly on your strangely
                  | shaped body. [a neqoxec]
 21783 | Orc:2    | Found a roughly hewn altar of Beogh.
 21793 | Orc:2    | Found Qiobyeph's Magic Scroll Shoppe.
 21793 | Orc:2    | Found Ilaisiufu's Antique Armour Shop.
 21807 | Orc:2    | Bought a pair of scorched boots for 266 gold pieces
 21846 | Orc:2    | Found a staircase to the Elven Halls.
 21861 | Orc:2    | Received a gift from Okawaru
 21862 | Orc:2    | Got a jewelled bardiche {god gift}
 21897 | Orc:2    | Found Zimmugoa's Distillery.
 21897 | Orc:2    | Found Zuifautu's Antique Weapon Shop.
 21902 | Orc:2    | Bought a potion of heal wounds for 70 gold pieces
 21902 | Orc:2    | Bought a potion of heal wounds for 70 gold pieces
 22060 | Orc:2    | Identified the +1 pair of boots "Jeacs" {rPois rC- Int+3}
                  | (You bought it in a shop on level 2 of the Orcish Mines)
 22099 | Orc:1    | Found Kaoro's General Store.
 22099 | Orc:1    | Noticed Fannar
 22105 | Orc:1    | Killed Fannar
 22309 | D:10     | Noticed Snorg
 22320 | D:10     | Killed Snorg
 22320 | D:10     | Reached skill level 1 in Spellcasting
 22373 | D:10     | Noticed Urug
 22405 | D:10     | Killed Urug
 22631 | D:10     | You fall into a shaft and drop 1 floor!
 22649 | D:11     | Found a blossoming altar of Fedhas.
 22656 | D:11     | Noticed Nergalle
 22675 | D:11     | Killed Nergalle
 22714 | D:11     | Found Micynn's Magic Scroll Emporium.
 22747 | D:11     | Bought a scroll of acquirement for 572 gold pieces
 22747 | D:11     | Bought a scroll of identify for 22 gold pieces
 22867 | D:11     | Found a flagged portal.
 22876 | Bailey   | Entered a bailey
 23190 | Bailey   | Noticed an orc warlord
 23201 | Bailey   | Killed an orc warlord
 23349 | D:11     | Acquired 700 gold pieces
 23350 | D:11     | Acquired a manual of Fighting
 23401 | D:11     | Noticed Tali's ghost (journeyman DsBe)
 23418 | D:11     | Found a transporter.
 23422 | D:11     | Found a transporter.
 23552 | D:11     | Acquired the +3 pair of gauntlets of War {Slay+5}
 23553 | D:11     | Found the +3 pair of gauntlets of War {Slay+5}
 23598 | D:11     | Received a gift from Okawaru
 24137 | D:11     | Killed Tali's ghost
 24286 | D:12     | Reached skill level 16 in Shields
 24456 | D:12     | Found an opulent altar of Gozag.
 24629 | D:12     | You fall into a shaft and drop 1 floor!
 24658 | D:13     | Reached skill level 5 in Spellcasting
 24998 | D:12     | Found Gozag's Platinum Reserve.
 25313 | D:12     | Found Lerint's Book Boutique.
 25443 | D:13     | Received a gift from Okawaru
 25545 | D:13     | Reached XP level 16. HP: 106/108 MP: 25/25
 25896 | D:13     | Received a gift from Okawaru
 26130 | D:13     | Found a gate to the Vaults.
 26392 | D:13     | Reached skill level 17 in Shields
 27790 | D:15     | Entered Level 15 of the Dungeon
 28174 | D:15     | Found a staircase to the Depths.
 28511 | D:15     | Received a gift from Okawaru
 29255 | Swamp:1  | Entered Level 1 of the Swamp
 29431 | Swamp:1  | Reached skill level 1 in Translocations
 29761 | Swamp:1  | Noticed Jorgrun
 29781 | Swamp:1  | Killed Jorgrun
 29781 | Swamp:1  | Received a gift from Okawaru
 29784 | Swamp:1  | Got a pair of slimy gloves {god gift}
 29795 | Swamp:1  | Identified the +2 pair of gloves "Ceimm" {Dex+7} (Okawaru
                  | gifted it to you on level 1 of the Swamp)
 29912 | Swamp:1  | Reached skill level 18 in Shields
 29931 | Swamp:1  | Reached XP level 17. HP: 81/113 MP: 30/30
 30611 | Swamp:2  | Acquired 690 gold pieces
 32000 | Swamp:3  | Reached skill level 10 in Spellcasting
 33004 | Swamp:3  | Received a gift from Okawaru
 33004 | Swamp:3  | Reached skill level 5 in Translocations
 33012 | Swamp:3  | Got a pair of ancient boots {god gift}
 33023 | Swamp:3  | Identified the +1 pair of boots "Peki" {-Tele rElec Int+4
                  | Dex+8} (Okawaru gifted it to you on level 3 of the Swamp)
 33498 | Swamp:4  | Entered Level 4 of the Swamp
 36065 | Swamp:4  | Received a gift from Okawaru
 36405 | Swamp:3  | Reached skill level 19 in Shields
 36496 | Swamp:4  | Found a blossoming altar of Fedhas.
 36507 | Swamp:4  | Found a basalt altar of Yredelemnul.
 36524 | Swamp:4  | Reached XP level 18. HP: 79/119 MP: 33/33
 36587 | Swamp:4  | Killed from afar by a thorn hunter

Illustrated notes

Levels and vault maps discovered:
D:1:      dpeg_arrival_ratfight, layout_rooms
D:2:      layout_basic, marbit_many_paths, first_ration, serial_forest,
          infiniplex_forest_clump_small, infiniplex_forest_clump_large,
          infiniplex_forest_corner_2, infiniplex_forest_lined_3_way,
          infiniplex_forest_clump_small, infiniplex_forest_lined_3_way,
          infiniplex_forest_lined_3, infiniplex_forest_end_2
D:3:      layout_loops_ring, kennysheep_nub, uniq_natasha
D:4:      layout_cave_pods, fedhas_altar_1, serial_shops,
          nicolae_shop_waterfront, portal_sewer_entry_a
D:5:      layout_gridville, grunt_qazlal_clouds, kennysheep_donut, uniq_pikel
D:6:      layout_gridville, ashenzari_conservatory_becter, old_standard_altar,
          kennysheep_mini_moat, serial_shops, shop_statue
D:7:      layout_basic, overflow_temple_1_default, minmay_temple_entry_waves
D:8:      layout_gridville, serial_shops, nicolae_shop_stone, uniq_grum
D:9:      layout_basic, overflow_temple_1_default,
          grunt_temple_overflow_diamond, kennysheep_mini,
          yredelemnul_forgotten_temple_becter, minmay_lair_entry_grove,
          orc_0_dummy, grunt_livestock, uniq_maurice, uniq_harold, uniq_erica
D:10:     layout_long_grid, uniq_urug, uniq_snorg
D:11:     layout_loops_ring, enter_bailey_8, gammafunk_ghost_hive, basic_altar,
          serial_shops, nicolae_shop_trees, uniq_nergalle
D:12:     layout_basic, serial_shops, nicolae_shop_stone,
          nicolae_gozag_zags_fifth_avenue
D:13:     minmay_two_paths, layout_loops_cross, grunt_vaults_entry_tiered,
          grunt_decor_resistance
D:14:     layout_loops_cross
D:15:     grunt_enter_depths_hoard, layout_long_grid, corexii_leaking_fountain
Temple:   dpeg_three_leaves_temple
Lair:1:   layout_hall_layers, maelrawn_ghost_gauntlet_escape, minivault_27
Lair:2:   layout_gridlike, gauntlet_entry_generic
Lair:3:   layout_loops_ring, enter_volcano_4
Lair:4:   layout_regular_city, minmay_swamp_entry_swarm,
          nicolae_spider_entry_non_spiders, beast_lair_carwin_10, uniq_rupert
Lair:5:   layout_gridlike, serial_bayou_lake_a, serial_bayou_shore_a
Lair:6:   evilmike_catoblepas_cave, layout_cave_shapes, slime_altar_1,
          basic_altar, uniq_kirke
Swamp:1:  layout_falls_marsh, infiniplex_staircase_pool, swamp_pool1,
          uniq_jorgrun
Swamp:2:  layout_falls_marsh, serial_swamp_ruin, evilmike_swamp_ruin_house_6,
          evilmike_swamp_ruin_house_5, hangedman_swamp_ruin_wall
Swamp:3:  layout_falls_marsh, evilmike_swamp_ruin_house_1
Swamp:4:  byrel_swamp_growth_death_and_undeath, layout_basic_swamp
Orc:1:    layout_caves, serial_shops, shop, uniq_fannar
Orc:2:    st_orc_town, layout_diamond_mine, uniq_sonja, uniq_saint_roka,
          uniq_donald

Skill      XL: |  1  2  3  4  5  6  7  8  9 10 11 12 13 14 15 16 17 18 |
---------------+-------------------------------------------------------+-----
Maces & Flails | 3 4 5 6 7 9 11 13 14 15 16 | 16.0
Invocations    | 5 |  5.5
Shields        | 7 12 15 16 18 19 | 19.0
Fighting       | 5 9 14 15 | 15.4
Spellcasting   | 6 9 11 | 11.2
Translocations | 3 6 7 |  7.0
Armour         | |  3.2

Action                   |  1- 3 |  4- 6 |  7- 9 | 10-12 | 13-15 | 16-18 || total
-------------------------+-------+-------+-------+-------+-------+-------++-------
Melee: Flail             |   147 |    81 |       |       |       |       ||   228
       Whip              |       |   184 |   593 |  1179 |       |       ||  1956
       Mace              |       |       |    94 |       |       |       ||    94
       Morningstar       |       |       |       |   159 |  1919 |  1474 ||  3552
Throw: Dart              |       |       |       |       |     8 |       ||     8
       Javelin           |       |       |       |       |     5 |     2 ||     7
       Throwing net      |       |       |       |       |       |     1 ||     1
Invok: Finesse           |       |       |       |     6 |     4 |     1 ||    11
       Heroism           |       |       |       |     3 |     4 |     1 ||     8
 Abil: Stop Flying       |       |       |       |       |     1 |       ||     1
       Fly               |       |       |       |       |       |     1 ||     1
  Use: Scroll            |       |       |     6 |    19 |    13 |     4 ||    42
       Potion            |       |       |     2 |     9 |     4 |     4 ||    19
 Stab: Distracted        |       |       |       |       |       |     1 ||     1
       Paralysed         |       |       |       |       |       |     1 ||     1
  Eat: Chunk             |     1 |     7 |    13 |    23 |    36 |    28 ||   108
       Ration            |       |       |       |     1 |       |     3 ||     4
Armor: Scale mail        |   114 |   113 |   228 |       |       |       ||   455
       Plate armour      |       |       |   161 |   608 |   822 |   968 ||  2559
Dodge: Dodged            |    73 |    90 |   138 |   182 |   294 |   228 ||  1005
Block: Kite shield       |    99 |   108 |   298 |   594 |  1719 |  1331 ||  4149
       Other             |       |       |       |       |     7 |       ||     7
       Reflection        |       |       |       |       |    29 |    24 ||    53
